 Dungeon Crawl Stone Soup version 0.26-a0-812-g31a745ddcd (webtiles) character file.

Game seed: 14978625996454328886

35 nicanaca0 the Sneak (level 3, 0/19 HPs)
             Began as a Vine Stalker Brigand on Nov 23, 2020.
             Slain by a goblin
             ... wielding a +0 dagger
             ... led by Robin
              (1 damage)
             ... on level 2 of the Dungeon.
             The game lasted 00:01:25 (1973 turns).

nicanaca0 the Sneak (Vine Stalker Brigand)          Turns: 1973, Time: 00:01:26

Health: 0/19       AC:  3    Str: 13    XL:     3   Next: 33%
Magic:  0/4        EV: 11    Int: 11    God:
Gold:   11         SH:  0    Dex: 16    Spells: 2/2 levels left

rFire    + . .     SeeInvis .   a - +2 dagger
rCold    + . .     Faith    .   (no shield)
rNeg     . . .     Spirit   +   b - +0 robe
rPois    +         Reflect  .   (no helmet)
rElec    +         Harm     .   c - +0 cloak
rCorr    +         Rampage  .   (no gloves)
MR       .....                  (no boots)
Stlth    +++.......             (no amulet)
HPRegen  0.06/turn              (no ring)
MPRegen  0.09/turn              (no ring)

@: resistant, hasted, very quick
A: fangs 2, magic shield, antimagic bite, no potion heal 3, rot immunity
a: no special abilities


You were on level 2 of the Dungeon.
You visited 1 branch of the dungeon, and saw 2 of its levels.

You collected 11 gold pieces.

Inventory:

Hand Weapons
 a - a +2 dagger (weapon)
Missiles
 d - 8 poisoned darts (quivered)
 e - 2 curare-tipped darts
Armour
 b - a +0 robe (worn)
 c - a +0 cloak (worn)
Jewellery
 h - a cursed ring of teleportation {unknown}
Scrolls
 f - a scroll of magic mapping {unknown}
 j - a scroll of enchant weapon {unknown}
 k - a scroll of identify {unknown}


   Skills:
 + Level 2.3 Fighting
 - Level 1.7 Short Blades
 - Level 1.7 Throwing
 - Level 0.7 Dodging
 * Level 5.9 Stealth


You had 2 spell levels left.
You didn't know any spells.
Your spell library was empty.

Dungeon Overview and Level Annotations

Branches:
Dungeon (2/15)

Altars:

Annotations:
D:2 Robin


Innate Abilities, Weirdness & Mutations

You have extremely sharp teeth.
When hurt, damage is shared between your health and your magic reserves.
Your bite disrupts and absorbs the magic of your enemies.
Potions cannot restore your health.
You are immune to rotting.


Message History

You kill the goblin!
The goblin hits you with a +0 dagger.
* * * LOW HITPOINT WARNING * * *
You hit Robin. You bite Robin, but do no damage.
Robin is lightly wounded.
You completely miss Robin. You bite Robin. You drain their power.
You feel invigorated.
Robin is moderately wounded.
The goblin hits you but does no damage. Robin barely misses you.
You hit Robin but do no damage. You bite Robin, but do no damage.
Robin is moderately wounded.
A goblin comes into view. It is wielding a +0 club.
The goblin hits you with a +0 dagger.
You hit Robin. Your bite misses Robin.
Robin is moderately wounded.
Robin closely misses you.
You barely miss Robin. You bite Robin, but do no damage.
Robin is moderately wounded.
The goblin hits you with a +0 dagger.
You die...

###############
#.............#
.......g#
..#####g# #@#
#g# #g#


.gg .#. #. .# ## .. ## You could see Robin and 5 goblins.

Vanquished Creatures
  A dart slug (D:1)
  2 leopard geckos (D:1)
  2 bats (D:1)
  4 hobgoblins
  5 jackals (D:1)
  4 kobolds (D:1)
  6 goblins
  2 rats (D:1)
26 creatures vanquished.

Notes
Turn   | Place    | Note
-------+----------+-------------------------------------------
     0 | D:1      | nicanaca0 the Vine Stalker Brigand began the quest for the
                  | Orb.
     0 | D:1      | Reached XP level 1. HP: 11/11 MP: 2/2
    57 | D:1      | Reached skill level 5 in Stealth
   392 | D:1      | Reached XP level 2. HP: 3/15 MP: 0/3
  1543 | D:1      | Reached XP level 3. HP: 13/18 MP: 4/4
  1954 | D:2      | Noticed Robin
  1973 | D:2      | Slain by a goblin

Illustrated notes

Levels and vault maps discovered:
D:1:      nzn_arrival_depleted_hourglass, layout_basic
D:2:      layout_loops_ring, yredelemnul_forgotten_temple_becter, fountainhead,
          kennysheep_generic_room_9, uniq_sigmund, uniq_robin

Skill      XL: |  1 |
---------------+----+-----
Stealth        | 5 |  5.9
Fighting       | 2 |  2.3
Short Blades   | |  1.7
Throwing       | |  1.7
Dodging        | |  0.7

Action                   || total
-------------------------++-------
Melee: Dagger            ||    86
       Bite              ||    22
  Use: Potion            ||     2
 Stab: Sleeping          ||     5
Armor: Robe              ||    15
Dodge: Dodged            ||    50

Table legend: (Time is in decaauts)
 A = Elapsed time spent in this place.
 B = Non-inter-level travel time spent in this place.
 C = Inter-level travel time spent in this place.
 D = Time resting spent in this place.
 E = Time spent auto-exploring this place.
 F = Levels seen in this place.
 G = Mean time per level.
                   A        B        C        D        E       F      G
               +--------+--------+--------+--------+--------+-----+--------+
         Total |   1960 |   1947 |     13 |     14 |   1729 |   2 |  980.0 |
       Dungeon |   1960 |   1947 |     13 |     14 |   1729 |   2 |  980.0 |
               +--------+--------+--------+--------+--------+-----+--------+

Top non-repeatable levels by time:
     D:1: 1947 daAuts
     D:2: 12 daAuts
